 Dungeon Crawl Stone Soup version 0.30-a0-652-gcc886f7154 (webtiles) character file.

Game seed: 11508709675418334559

8259 wormed the Transmogrifier (level 11, -4/84 HPs)
             Began as a Pale Draconian Chaos Knight on Jan 17, 2023.
             Was an Initiate of Gozag.
             Slain by Maggie
             ... wielding a +0 halberd of flaming
              (8 damage)
             ... on level 8 of the Dungeon.
             The game lasted 00:21:34 (10743 turns).

wormed the Transmogrifier (DrCK)                   Turns: 10743, Time: 00:21:34

Health: -4/84      AC:  7    Str: 12 (13) XL:     11   Next: 7%
Magic:  17/17      EV: 12    Int: 16      God:    Gozag
Gold:   712        SH:  0    Dex:  6 (7)  Spells: 17/21 levels left

rFire   . . .      SeeInvis .      - Unarmed
rCold   + . .      Faith    .    (no shield)
rNeg    . . .      Spirit   .    (body armour unavailable)
rPois   .          Reflect  .    (helmet restricted)
rElec   .          Harm     .    (no cloak)
rCorr   .          Rampage  .    (no gloves)
Will    .....                    (no boots)
Stlth   +                        l - amulet of magic regeneration
HPRegen 0.34/turn                x - ring of protection from cold
MPRegen 0.55/turn                (no ring)

@: no status effects
A: breathe steam, AC +7, unfitting armour, cold-blooded, steam resistance,
clumsy 2, deterioration 1, frail 1, low MP 1, weak 1
a: Breathe Steam, Renounce Religion, Potion Petition, Call Merchant, Bribe
Branch


You were on level 8 of the Dungeon.
You worshipped Gozag.
Gozag was pleased with you.
You visited 3 branches of the dungeon, and saw 12 of its levels.
You also visited: Sewer.

You collected 1929 gold pieces.
You spent 546 gold pieces at shops.
You paid 671 gold pieces to Gozag.

Inventory:

Magical Staves
 e - a staff of cold
Jewellery
 l - an amulet of magic regeneration (around neck)
 x - a ring of protection from cold (left hand)
Wands
 k - a wand of flame (3)
Scrolls
 a - a scroll of magic mapping {unknown}
 b - a scroll of enchant armour
 f - 2 scrolls of blinking
 g - a scroll of immolation
 m - a scroll of identify
Potions
 c - a potion of mutation
 d - 7 potions of curing
 h - a potion of ambrosia
 j - 2 potions of lignification
 p - 2 potions of flight
 q - a potion of brilliance
 w - a potion of haste {unknown}


   Skills:
 - Level 8.0 Fighting
 - Level 6.4 Dodging
 - Level 7.3 Unarmed Combat
 - Level 5.9 Spellcasting
 + Level 9.6 Transmutations
 - Level 5.0 Ice Magic


You had 17 spell levels left.
You knew the following spells:

 Your Spells              Type           Power      Damage    Failure   Level
a - Ice Form              Ice/Tmut       28%        N/A       7%          4

Your spell library contained the following spells:

 Spells                   Type           Power      Damage    Failure   Level
 Spider Form              Tmut/Pois      20%        N/A       6%          3
 Ignite Poison            Fire/Tmut/Pois 15%        N/A       11%         3
 Magic Dart               Conj           16%        1d3       14%         1
 Petrify                  Tmut/Erth      20%        N/A       19%         4
 Call Imp                 Summ           4%         N/A       22%         2
 Poisonous Vapours        Pois/Air       8%         N/A       22%         2
 Mephitic Cloud           Conj/Pois/Air  4%         N/A       38%         3


Dungeon Overview and Level Annotations

Branches:
Dungeon (10/15)            Temple (1/1) D:5            Lair (1/5) D:8
  Sewer (visited)
    Orc: D:9-12

Altars:
Ashenzari
Cheibriados
Dithmenos
Elyvilon
Fedhas
Gozag
Hepliaklqana
Kikubaaqudgha
Makhleb
Nemelex Xobeh
Okawaru
Qazlal
Ru
Sif Muna
Trog
Uskayaw
Vehumet
Wu Jian
Xom
Yredelemnul
Zin
The Shining One

Shops:
D:6 :

Annotations:
D:8 Maggie


Innate Abilities, Weirdness & Mutations

You can breathe blasts of scalding, opaque steam.
Your pale cyan-grey scales are hard. (AC +7)
You cannot fit into any form of body armour.
You are cold-blooded and may be slowed by cold attacks.
You are immune to the effects of steam.
You are very clumsy. (Dex -4)
Your body sometimes deteriorates upon taking damage.
You are frail. (-10% HP)
Your magical capacity is low. (-10% MP)
You are weak. (Str -2)


Message History

Maggie melts you.
* * * LOW HITPOINT WARNING * * *
Maggie mumbles some strange words.
Maggie draws you further into her thrall.
Maggie barely misses you.
Maggie hits you with a +0 halberd of flaming.
* * * LOW HITPOINT WARNING * * *
Maggie melts you.
* * * LOW HITPOINT WARNING * * *
Maggie hits you with a +0 halberd of flaming.
* * * LOW HITPOINT WARNING * * *
Maggie melts you.
* * * LOW HITPOINT WARNING * * *
You fade into invisibility!
Maggie closely misses you.
It was a potion of magic.
Magic courses through your body.
Maggie hits you with a +0 halberd of flaming.
* * * LOW HITPOINT WARNING * * *
Maggie melts you.
* * * LOW HITPOINT WARNING * * *
It was a potion of brilliance.
You feel clever all of a sudden.
Maggie mumbles some strange words.
It was a potion of berserk rage.
You are too mesmerised to rage.
You feel less invigorated.
You feel less confused. Maggie barely misses you.
It was a potion of cancellation.
Your magical effects are unravelling.
You feel magically purged.
You warm up again.
You flicker back into view.
You break out of your daze.
You feel a little less clever now.
Your resistance to elements expires.
Maggie hits you with a +0 halberd of flaming!
* * * LOW HITPOINT WARNING * * *
Your body deteriorates!
You feel clumsy. Maggie burns you!
You die...
Xom laughs nastily!
Your body crumbles into a pile of gold.

#...).#.....##..####.....###.##
##.........#.#...###.....###...
######.....@.................§
##.....##.#......###...#§
##............#####.#.#.
##.#...................
#####..#~.####.#..<### ##.##@.###
#..#.#### ####.[.@|.# ##......#
####### #...).###.########.###.#
......####.##[.# #...##..(.......
......#....##)######.............
........#####.........###.#####..
..........>.)..#########..# ##.
......######..## #....## ##
......# #.########.###########
......######.##.......##.........


You could see Maggie.

Vanquished Creatures
  A two-headed ogre (D:9)
  A black mamba (Lair:1)
  A rime drake (D:8)
  A komodo dragon (Lair:1)
  A polar bear (D:8)
  Grinder (D:6)
  A wraith (D:9)
  8 yaks
  Eustachio (D:5)
  A steam dragon (D:5)
  Menkaure (D:4)
  4 water moccasins
  An orc warrior (D:8)
  2 sky beasts
  4 ice beasts (D:8)
  4 black bears
  2 ogres (D:5)
  2 centaurs
  2 wolves (D:8)
  A phantom (D:6)
  2 kobold brigands (Sewer)
  7 bullfrogs
  A gnoll sergeant (D:8)
  3 scorpions
  5 wights (D:9)
  10 killer bees (D:9)
  4 howler monkeys
  A jelly (D:6)
  3 orc priests
  4 hounds
  2 iguanas (D:6)
  3 orc wizards
  3 gnolls (D:8)
  6 adders
  2 river rats (Sewer)
  2 white imps
  4 worms
  A dart slug (D:2)
  24 orcs
  7 ball pythons
  6 bats
  8 endoplasms
  4 giant cockroaches
  6 goblins
  6 hobgoblins
  4 jackals (D:1)
  4 quokkas
  3 frilled lizards
  8 kobolds
  8 rats
191 creatures vanquished.

Vanquished Creatures (collateral kills)
  A cane toad (Lair:1)
  A howler monkey (D:6)
  An adder (D:2)
3 creatures vanquished.

Vanquished Creatures (others)
  Psyche (D:8)
  4 fungi (Lair:1)
  A plant (D:2)
6 creatures vanquished.

Grand Total: 200 creatures vanquished

Notes
Turn   | Place    | Note
-------+----------+-------------------------------------------
     0 | D:1      | wormed the Draconian Chaos Knight began the quest for the
                  | Orb.
     0 | D:1      | Reached XP level 1. HP: 19/19 MP: 1/1
   105 | D:1      | Reached XP level 2. HP: 17/26 MP: 2/2
   371 | D:1      | Found a faded altar of an unknown god.
   804 | D:1      | Reached skill level 1 in Spellcasting
   830 | D:1      | Identified a scroll of acquirement
   830 | D:1      | Acquired 919 gold pieces
   870 | D:2      | XOM: smoke on damage
   934 | D:2      | XOM: enchant monster (good)
   949 | D:2      | Reached XP level 3. HP: 29/31 MP: 4/4
  1332 | D:2      | Identified the +3 dagger "Temeub" {heavy, rPois Int+3}
  1372 | D:2      | XOM: cast spell 'Olgreb's Toxic Radiance'
  1547 | D:2      | XOM: cast spell 'Summon Ice Beast'
  1551 | D:2      | Reached XP level 4. HP: 38/40 MP: 6/6
  1745 | D:3      | XOM: noise
  1785 | D:3      | Found a sacrificial altar of Ru.
  2428 | D:3      | XOM is BORED!
  2505 | D:3      | XOM: noise
  2567 | D:4      | Reached XP level 5. HP: 46/46 MP: 7/7
  2801 | D:4      | XOM: divination: detect items
  2839 | D:4      | Noticed Menkaure
  2841 | D:4      | Killed Menkaure
  2845 | D:4      | Noticed a sky beast
  2848 | D:4      | XOM: cast spell 'Disjunction'
  2865 | D:4      | XOM: divination: detect items
  2872 | D:4      | Killed a sky beast
  2873 | D:4      | Reached XP level 6. HP: 22/55 MP: 8/10
  3109 | D:5      | Entered Level 5 of the Dungeon
  3135 | D:5      | Noticed a water moccasin
  3138 | D:5      | Killed a water moccasin
  3139 | D:5      | Reached skill level 5 in Fighting
  3161 | D:5      | Noticed Eustachio
  3164 | D:5      | Killed Eustachio
  3165 | D:5      | Your scales start taking on a pale cyan-grey colour.
  3165 | D:5      | Reached XP level 7. HP: 61/61 MP: 11/11
  3165 | D:5      | Gained mutation: You are immune to the effects of steam.
                  | [Pale Draconian growth]
  3186 | D:5      | XOM: 2-stop teleportation journey
  3188 | D:5      | Found a staircase to the Ecumenical Temple.
  3200 | Temple   | Entered the Ecumenical Temple
  3320 | D:5      | Reached skill level 5 in Unarmed Combat
  3561 | D:5      | Noticed a steam dragon
  3572 | D:5      | Killed a steam dragon
  3575 | D:5      | XOM: divination: magic mapping
  3633 | D:5      | XOM: divination: detect items
  3740 | D:5      | Reached XP level 8. HP: 69/70 MP: 12/14
  3890 | D:5      | XOM: fake destruction
  4017 | D:5      | Reached skill level 5 in Dodging
  4162 | D:5      | XOM: scenery: create altars
  4194 | D:5      | XOM: divination: magic mapping
  4247 | D:5      | XOM: divination: detect items
  4309 | D:6      | XOM: noise
  4328 | D:6      | XOM: 3-stop teleportation journey
  4329 | D:6      | Found a glowing drain.
  4334 | D:6      | Noticed Grinder
  4347 | D:6      | XOM: smoke on damage
  4352 | D:6      | XOM: enchant monster (good)
  4525 | D:7      | XOM: enchant monster (good)
  4591 | D:6      | Paralysed by Grinder for 3 turns
  4604 | D:6      | XOM: polymorph worm -> bullfrog
  4605 | Sewer    | Entered a sewer
  4847 | Sewer    | Reached skill level 5 in Spellcasting
  4913 | Sewer    | Found a glowing silver altar of Zin.
  4966 | D:6      | Paralysed by Grinder for 4 turns
  4969 | D:6      | XOM: 4-stop teleportation journey
  4976 | D:6      | Reached XP level 9. HP: 63/79 MP: 16/16
  5060 | D:6      | Identified the +4 falchion of Noxious Responsibility
                  | {distort, *Slow rN+ rCorr Int+7}
  5073 | D:6      | XOM: noise
  5509 | D:6      | XOM: fake destruction
  5605 | D:6      | XOM: confusion
  5610 | D:6      | Paralysed by Grinder for 2 turns
  5616 | D:6      | Killed Grinder
  5877 | D:6      | Found a broken altar of Ashenzari.
  6057 | D:6      | XOM: give mutation
  6057 | D:6      | Gained mutation: Your body sometimes deteriorates upon
                  | taking damage. [Xom's mischief]
  6165 | D:7      | Found an iron altar of Okawaru.
  6166 | D:7      | Found an opulent altar of Gozag.
  6166 | D:7      | Found a shimmering altar of Xom.
  6167 | D:7      | Found a white marble altar of Elyvilon.
  6168 | D:7      | Found a radiant altar of Vehumet.
  6168 | D:7      | Found a blossoming altar of Fedhas.
  6169 | D:7      | Found a burning altar of Makhleb.
  6170 | D:7      | Found a glowing silver altar of Zin.
  6170 | D:7      | Found a sparkling altar of Nemelex Xobeh.
  6171 | D:7      | Found a shimmering blue altar of Sif Muna.
  6174 | D:7      | Fell from the grace of Xom
  6174 | D:7      | Became a worshipper of Gozag Ym Sagoz the Greedy
  6267 | D:7      | XOM: give mutations
  6267 | D:7      | Gained mutation: Your tail ends in a venomous barb. [Xom's
                  | mischief]
  6267 | D:7      | Gained mutation: You are strong-willed. (Will+) [Xom's
                  | mischief]
  6267 | D:7      | Gained mutation: Your magical capacity is low. (-10% MP)
                  | [Xom's mischief]
  6267 | D:7      | Lost mutation: Your tail ends in a venomous barb. [Xom's
                  | mischief]
  6336 | D:7      | XOM: draining
  6458 | D:7      | XOM: summons 13 hostile demons
  6459 | D:7      | Noticed a red devil
  6459 | D:7      | Noticed a hellwing
  6459 | D:7      | Noticed a soul eater
  6574 | D:6      | Bought the Collected Works on the Transformed Panacea for
                  | 546 gold pieces
  6579 | D:6      | Learned a level 4 spell: Ice Form
  6786 | D:8      | Noticed Psyche
  6791 | D:8      | Noticed Maggie
  7020 | D:8      | Reached skill level 1 in Transmutations
  7020 | D:8      | Reached skill level 1 in Ice Magic
  7138 | D:8      | Noticed a polar bear
  7150 | D:8      | Reached skill level 2 in Transmutations
  7265 | D:8      | XOM: give mutations
  7265 | D:8      | Gained mutation: You are clumsy. (Dex -2) [Xom's mischief]
  7265 | D:8      | Lost mutation: You are strong-willed. (Will+) [Xom's
                  | mischief]
  7265 | D:8      | Gained mutation: You are very clumsy. (Dex -4) [Xom's
                  | mischief]
  7276 | D:8      | Reached skill level 3 in Transmutations
  7315 | D:8      | XOM: god gift: staff of fire
  7337 | D:8      | Reached XP level 10. HP: 83/88 MP: 17/17
  7369 | D:8      | Found a staircase to the Lair.
  7378 | D:8      | Reached skill level 4 in Transmutations
  8091 | D:8      | Killed Psyche
  8450 | D:8      | Identified the +1 leather armour of the True Pharaoh {Fly
                  | rElec Int-4 Dex+4}
  8499 | D:9      | Reached skill level 5 in Transmutations
  8499 | D:9      | Reached skill level 5 in Ice Magic
  8869 | D:9      | Reached skill level 6 in Transmutations
  8885 | D:9      | Reached skill level 7 in Transmutations
  9202 | D:9      | XOM: give mutations
  9202 | D:9      | Lost mutation: You are very clumsy. (Dex -4) [Xom's
                  | mischief]
  9202 | D:9      | Gained mutation: You are weak. (Str -2) [Xom's mischief]
  9202 | D:9      | Gained mutation: You are frail. (-10% HP) [Xom's mischief]
  9202 | D:9      | Gained mutation: You are very clumsy. (Dex -4) [Xom's
                  | mischief]
  9281 | D:9      | Noticed a two-headed ogre
  9290 | D:9      | Killed a two-headed ogre
  9291 | D:9      | Reached skill level 8 in Transmutations
  9974 | D:10     | Entered Level 10 of the Dungeon
 10040 | Lair:1   | Entered Level 1 of the Lair of Beasts
 10040 | Lair:1   | Noticed a cane toad
 10047 | Lair:1   | XOM: 1-stop teleportation journey
 10052 | Lair:1   | Noticed an elephant
 10052 | Lair:1   | Noticed an elephant
 10052 | Lair:1   | Noticed an elephant
 10052 | Lair:1   | Noticed an elephant
 10056 | Lair:1   | XOM: summons 2 hostile shadow creatures
 10057 | Lair:1   | Noticed a boulder beetle
 10078 | Lair:1   | Noticed a cane toad
 10082 | Lair:1   | Killed a cane toad
 10083 | Lair:1   | Reached skill level 9 in Transmutations
 10181 | Lair:1   | XOM: summons 4 hostile shadow creatures
 10182 | Lair:1   | Noticed a cane toad
 10234 | Lair:1   | Reached XP level 11. HP: 63/84 MP: 14/17
 10743 | D:8      | HP: 4/84 [Maggie/+0 halberd of flaming (15)]
 10743 | D:8      | Slain by Maggie

Illustrated notes

Levels and vault maps discovered:
D:1:      lemuel_arrival_room, layout_basic, shapermc_ecumenical_altar_pompeii,
          minmay_misc_feat_hallway
D:2:      layout_basic, hangedman_decor_push, corexii_shack,
          minmay_misc_feat_chi, grunt_ministairs_1, kennysheep_generic_room_14
D:3:      layout_basic, mainiacjoe_overflow_alcove_1
D:4:      layout_basic, wad_floor_pattern_1, uniq_menkaure
D:5:      layout_cave_pods, minmay_temple_entry_mini_moons, serial_column_ruins,
          column_ruins_hut_ruined, column_ruins_columns_corner,
          column_ruins_grid_1, column_ruins_grid_3, column_ruins_open_tiny,
          column_ruins_grid_2, uniq_eustachio
D:6:      layout_basic, mainiacjoe_overflow_alcove_2,
          cheibrodos_sewer_entry_sluice, chequers_serial_rivers_small_b,
          minmay_misc_feat_nine_boxes, minmay_misc_feat_four_crosses,
          uniq_grinder
D:7:      layout_cave_pools, nicolae_overflows_in_rows
D:8:      layout_rooms, hellmonk_lair_entry_icy, nicolae_elevator_lobby_plus,
          uniq_maggie, uniq_psyche
D:9:      layout_basic
D:10:     layout_rooms, orc_0_dummy, serial_shops, shop, enter_trove_0,
          uniq_urug
Temple:   cyrus_temple_forest
Lair:1:   statuecave_lemuel, layout_gridlike, uniq_prince_ribbit2, uniq_grum,
          uniq_harold

Skill      XL: |  1  2  3  4  5  6  7  8  9 10 |
---------------+-------------------------------+-----
Spellcasting   | 1 2 3 4 5 |  5.9
Fighting       | 4 5 6 7 8 |  8.0
Dodging        | 3 4 5 6 |  6.4
Unarmed Combat | 4 5 6 7 |  7.3
Transmutations | 3 9 |  9.6
Ice Magic      | 3 5 |  5.0

Action                   |  1- 3 |  4- 6 |  7- 9 | 10-12 || total
-------------------------+-------+-------+-------+-------++-------
Melee: Unarmed           |   136 |   138 |   347 |   140 ||   761
       Tailslap          |    17 |    12 |    58 |     3 ||    90
       Punch             |     2 |     3 |    11 |     1 ||    17
Throw: Throwing net      |       |       |     1 |       ||     1
 Cast: Ice Form          |       |       |       |    19 ||    19
Invok: Call Merchant     |       |       |     1 |       ||     1
 Abil: Breathe Steam     |       |       |    13 |    12 ||    25
       End Transformatio |       |       |       |     5 ||     5
Evoke: Wand              |       |    12 |     8 |     2 ||    22
  Use: Scroll            |     5 |     4 |     6 |     7 ||    22
       Potion            |       |       |     5 |     7 ||    12
 Stab: Sleeping          |       |     1 |       |       ||     1
       Paralysed         |       |       |     4 |       ||     4
       Distracted        |       |       |       |     2 ||     2
       Confused          |       |       |       |     1 ||     1
Armor: Skin              |    37 |    38 |   141 |    32 ||   248
Dodge: Dodged            |    84 |    61 |   309 |    58 ||   512

Table legend: (Time is in decaauts)
 A = Elapsed time spent in this place.
 B = Non-inter-level travel time spent in this place.
 C = Inter-level travel time spent in this place.
 D = Time resting spent in this place.
 E = Time spent auto-exploring this place.
 F = Levels seen in this place.
 G = Mean time per level.
                   A        B        C        D        E       F      G
               +--------+--------+--------+--------+--------+-----+--------+
         Total |  10707 |  10242 |    465 |     81 |   8141 |  13 |  823.6 |
       Dungeon |   9991 |   9562 |    429 |     81 |   7693 |  10 |  999.1 |
        Temple |    104 |     68 |     36 |      0 |     54 |   1 |  104.0 |
          Lair |    241 |    241 |      0 |      0 |     83 |   1 |  241.0 |
         Sewer |    369 |    369 |      0 |      0 |    311 |   1 |  369.0 |
               +--------+--------+--------+--------+--------+-----+--------+

Top non-repeatable levels by time:
     D:9: 1802 daAuts
     D:7: 1344 daAuts
     D:6: 1342 daAuts
     D:8: 1318 daAuts
     D:5: 1087 daAuts
     D:1: 861 daAuts
     D:2: 853 daAuts
     D:3: 820 daAuts
     D:4: 559 daAuts
   Sewer: 369 daAuts
  Lair:1: 241 daAuts
  Temple: 104 daAuts
    D:10: 1 daAuts
